 Dungeon Crawl Stone Soup version 0.24-b1 (webtiles) character file.

Game seed: 11356663425142660687, levelgen mode: deterministic

175 Arixos the Charmwright (level 5, 0/40 HPs)
             Began as a Vine Stalker Skald on Oct 12, 2019.
             Succumbed to an orc's poison
             ... on level 3 of the Dungeon.
             The game lasted 00:13:52 (2566 turns).

Arixos the Charmwright (Vine Stalker Skald)         Turns: 2566, Time: 00:13:52

Health: 0/40       AC: 22    Str: 17    XL:     5   Next: 55%
Magic:  6/10       EV:  2    Int: 18    God:
Gold:   116        SH:  0    Dex: 14    Spells: 6/10 levels left

rFire    + . .     SeeInvis .   a - +0 falchion
rCold    + . .     Gourm    .   (no shield)
rNeg     + + +     Faith    .   (armour currently unavailable)
rPois    +         Spirit   +   (helmet currently unavailable)
rElec    +         Reflect  .   (cloak currently unavailable)
rCorr    +         Harm     .   (gloves currently unavailable)
MR       .....     NoTele   +   (boots currently unavailable)
Stlth    +.........             (no amulet)
HPRegen  0.53/turn              g - ring of resist corrosion
MPRegen  0.12/turn              j - +3 ring of strength

@: brilliant, lethally poisoned (0 -> -1), tree-form (expiring), resistant,
shrouded, hasted, very quick
A: regeneration 1, magic shield, no potion heal 3, rot immunity
a: no special abilities


You were on level 3 of the Dungeon.
You were not hungry.
You were a tree.
You visited 1 branch of the dungeon, and saw 3 of its levels.

You collected 116 gold pieces.

Inventory:

Hand Weapons
 a - a +0 falchion (weapon)
Missiles
 e - 7 poisoned darts (quivered)
Armour
 b - a +0 leather armour (melded)
Jewellery
 g - a ring of resist corrosion (left branch)
 j - a +3 ring of strength (right branch)
Scrolls
 c - a scroll of fog {unknown}
 l - 2 scrolls of enchant weapon {unknown}
 m - a scroll of teleportation {unknown}
 o - 2 scrolls of amnesia
 p - a scroll of noise {unknown}
Potions
 f - 2 potions of heal wounds
 i - a potion of flight
Comestibles
 d - 5 rations
 n - 4 chunks of flesh


   Skills:
 + Level 2.5 Fighting
 + Level 2.6 Long Blades
 - Level 0.7 Armour
 + Level 2.3 Dodging
 + Level 3.0 Spellcasting
 + Level 3.7 Charms
 + Level 1.6 Translocations


You had 6 spell levels left.
You knew the following spells:

 Your Spells              Type           Power        Failure   Level  Hunger
a - Song of Slaying       Chrm           ####....     1%          2    ##.....
s - Shroud of Golubria    Chrm/Tloc      ###...       1%          2    ##.....

Your spell library contained the following spells:

 Spells                   Type           Power        Failure   Level  Hunger
 Infusion                 Chrm           ####         1%          1    None
 Regeneration             Chrm/Necr      ###.......   2%          3    ###....
 Spectral Weapon          Hex/Chrm       ###.....     2%          3    ###....


Dungeon Overview and Level Annotations

Branches:
Dungeon (3/15)

Altars:
Xom


Innate Abilities, Weirdness & Mutations

((You have extremely sharp teeth.))
Your natural rate of healing is unusually fast.
When hurt, damage is shared between your health and your magic reserves.
((Your bite disrupts and absorbs the magic of your enemies.))
Potions cannot restore your health.
You are immune to rotting.


Message History

Your transformation is almost over.
The giant cockroach bites you but does no damage.
You hit the giant cockroach.
You kill the giant cockroach!
* * * LOW HITPOINT WARNING * * *
You feel sick.
Okay, then.
You feel stronger.
j - a +3 ring of strength (right branch)
Casting: Shroud of Golubria (safe; 1% risk of failure)
Confirm with . or Enter, or press ? or * to list all spells.
Okay, then.
There is a lethal amount of poison in your body!
There is a lethal amount of poison in your body!
You aren't quite hungry enough to eat that!
You cannot move.
There is a lethal amount of poison in your body!
* * * LOW HITPOINT WARNING * * *
You feel sick.
You die...

##........ ........###
####........
..........##............
........................
...................#....
..)...>.................
..#.......)........#...#
......)†..............##
.......♣...............#
........................
.###....)............###
##.....##(........#
####.$(.....#....#
#######.......#
#....##..[....
#....##....###
#.......#.##


There were no monsters in sight!

Vanquished Creatures
  A bullfrog (D:2)
  4 adders
  2 worms (D:2)
  A dart slug (D:2)
  3 leopard geckos
  9 orcs
  A giant cockroach (D:3)
  6 goblins
  A hobgoblin (D:2)
  3 jackals (D:1)
  A ball python (D:1)
  5 bats
  3 frilled lizards (D:2)
  7 kobolds
  7 rats
54 creatures vanquished.

Notes
Turn   | Place    | Note
-------+----------+-------------------------------------------
     0 | D:1      | Arixos the Vine Stalker Skald began the quest for the Orb.
     0 | D:1      | Reached XP level 1. HP: 11/11 MP: 4/4
   250 | D:1      | Reached XP level 2. HP: 9/15 MP: 4/6
   255 | D:1      | Learned a level 2 spell: Shroud of Golubria
  1303 | D:2      | Reached XP level 3. HP: 14/18 MP: 4/7
  1693 | D:2      | Learned a level 2 spell: Song of Slaying
  1968 | D:2      | Reached skill level 1 in Translocations
  1968 | D:2      | Gained mutation: Your natural rate of healing is unusually
                  | fast. [Vine Stalker growth]
  1968 | D:2      | Reached XP level 4. HP: 20/23 MP: 8/8
  1973 | D:2      | Found a shimmering altar of Xom.
  2013 | D:2      | Found a shimmering altar of Xom.
  2014 | D:2      | Found a shimmering altar of Xom.
  2015 | D:2      | Found a shimmering altar of Xom.
  2015 | D:2      | Found a shimmering altar of Xom.
  2309 | D:3      | Noticed a bullfrog
  2334 | D:2      | Killed a bullfrog
  2334 | D:2      | Reached XP level 5. HP: 14/27 MP: 8/10
  2557 | D:3      | HP: 2/40 [poisoned by an orc]
  2562 | D:3      | HP: 1/40 [poisoned by an orc]
  2566 | D:3      | Succumbed to an orc's poison

Skill      XL: |  1  2  3  4  5 |
---------------+----------------+-----
Fighting       | 2 |  2.5
Long Blades    | 2 |  2.6
Dodging        | 2 |  2.3
Translocations | 1 |  1.6
Spellcasting   | 3 |  3.0
Armour         | |  0.7
Charms         | |  3.7

Action                   |  1- 3 |  4- 6 || total
-------------------------+-------+-------++-------
Melee: Falchion          |   101 |    71 ||   172
       Bite              |    22 |    22 ||    44
 Cast: Infusion          |     1 |       ||     1
       Shroud of Golubri |     7 |    11 ||    18
  Use: Potion            |       |     6 ||     6
       Scroll            |       |     1 ||     1
 Stab: Sleeping          |     1 |     1 ||     2
  Eat: Chunk             |     4 |     3 ||     7
Armor: Leather armour    |    22 |    17 ||    39
       Skin              |       |     7 ||     7
Dodge: Dodged            |    72 |    62 ||   134
       Rpst.: Falchion   |    27 |    19 ||    46
